 Dungeon Crawl Stone Soup version 0.28-a0-249-g9004c80361 (webtiles) character file.

Game seed: 15286153216226472436

58 PentaManta the Ruffian (level 4, -2/38 HPs)
             Began as a Ghoul Abyssal Knight on Aug 26, 2021.
             Was a Follower of Lugonu.
             Slain by Terence (5 damage)
             ... on level 2 of the Dungeon.
             The game lasted 00:06:30 (1674 turns).

PentaManta the Ruffian (Ghoul Abyssal Knight)       Turns: 1674, Time: 00:06:30

Health: -2/38      AC:  8    Str: 16    XL:     4   Next: 2%
Magic:  4/4        EV:  6    Int:  7    God:    Lugonu [*.....]
Gold:   52         SH:  0    Dex:  8    Spells: 3/3 levels left

rFire   . . .      SeeInvis .     - Unarmed
rCold   + . .      Faith    .   (no shield)
rNeg    + + +      Spirit   .   h - +0 chain mail
rPois   ∞          Reflect  .   (no helmet)
rElec   .          Harm     .   (no cloak)
rCorr   .          Rampage  .   (no gloves)
Will    .....                   (no boots)
Stlth   ..........              (no amulet)
HPRegen 0.00/turn               (no ring)
MPRegen 0.09/turn               (no ring)

@: inhibited regen
A: claws 1, cold resistance 1, negative energy resistance 3, inhibited
regeneration, torment resistance 2
a: Renounce Religion, Depart the Abyss


You were on level 2 of the Dungeon.
You worshipped Lugonu.
Lugonu was aware of your devotion.
You visited 1 branch of the dungeon, and saw 2 of its levels.
You visited the Abyss 1 time.

You collected 52 gold pieces.

Inventory:

Armour
 a - a +0 leather armour
 h - a +0 chain mail (worn)
Scrolls
 c - a scroll of fog {unknown}
 d - a scroll of amnesia {unknown}
 f - a scroll of teleportation {unknown}
Potions
 b - a potion of brilliance {unknown}
 e - a potion of berserk rage {unknown}
 g - a potion of degeneration {unknown}


   Skills:
 - Level 3.2 Fighting
 - Level 1.7 Armour
 - Level 0.8 Dodging
 + Level 4.6 Unarmed Combat
 - Level 2.0 Invocations


You had 3 spell levels left.
You didn't know any spells.
Your spell library was empty.

Dungeon Overview and Level Annotations

Branches:
Dungeon (2/15)

Altars:

Annotations:
D:2 Terence


Innate Abilities, Weirdness & Mutations

You thrive by killing the living.
You are immune to poison.
You have sharp fingernails.
Your flesh is cold resistant. (rC+)
You are immune to negative energy. (rN+++)
You do not regenerate when monsters are visible.
You are immune to unholy pain and torment.


Message History

Terence barely misses you.
You scratch Terence but do no damage.
Terence is severely wounded.
Terence closely misses you.
You scratch Terence but do no damage.
Terence is severely wounded.
You scratch Terence.
Terence is severely wounded.
Terence hits you with a +1 short sword of protection.
You scratch Terence but do no damage.
Terence is severely wounded.
Terence hits you but does no damage.
You scratch Terence but do no damage.
Terence is severely wounded.
Terence hits you with a +1 short sword of protection.
* * * LOW HITPOINT WARNING * * *
You scratch Terence.
Terence is almost dead.
Terence hits you but does no damage.
You scratch Terence but do no damage.
Terence is almost dead.
Terence barely misses you.
You scratch Terence but do no damage.
Terence is almost dead.
Terence hits you but does no damage.
You barely miss Terence.
Terence is almost dead.
Terence hits you but does no damage.
You scratch Terence but do no damage.
Terence is almost dead.
Terence hits you with a +1 short sword of protection.
* * * LOW HITPOINT WARNING * * *
You barely miss Terence.
Terence is almost dead.
Terence hits you with a +1 short sword of protection.
* * * LOW HITPOINT WARNING * * *
Your chain mail prevents you from hitting Terence.
Terence is almost dead.
Terence hits you with a +1 short sword of protection.
You die...

.........@.# ..
#................. ...
####................. ....##
.......# .#.........
#...#...##......#..#...##.###
...................#....... #
........................#. #
#...#..##.#...#....#....#.# #
.........†..@@......... ....#
.......................###.#
#..#.....#...##.... ......
#..#............... ...# #
#.##.#.#......... . .###.#
###.##.##.#.#..#..##..#
...... .....................#
.###.# #.##.##.#.#...#.#....
#.# #.............# ...
.###.#


You could see Terence.

Vanquished Creatures
  2 adders (D:2)
  A worm (D:2)
  2 dart slugs (D:1)
  2 ball pythons (D:1)
  3 endoplasms
  2 giant cockroaches
  3 goblins (D:1)
  4 hobgoblins
  3 kobolds
  2 quokkas
  5 bats
  A frilled lizard (D:1)
  3 rats
33 creatures vanquished.

Notes
Turn   | Place    | Note
-------+----------+-------------------------------------------
     0 | Abyss:1  | PentaManta the Ghoul Abyssal Knight began the quest for the
                  | Orb.
     0 | Abyss:1  | Reached XP level 1. HP: 19/19 MP: 1/1
     0 | D:1      | Escaped the Abyss
   169 | D:1      | Reached skill level 3 in Unarmed Combat
   169 | D:1      | Reached XP level 2. HP: 26/26 MP: 2/2
   247 | D:1      | Reached * piety under Lugonu
   341 | D:1      | Found a faded altar of an unknown god.
   760 | D:1      | Reached XP level 3. HP: 30/31 MP: 3/3
   971 | D:2      | Noticed Terence
  1208 | D:2      | Reached skill level 4 in Unarmed Combat
  1592 | D:2      | Reached XP level 4. HP: 34/38 MP: 4/4
  1674 | D:2      | Slain by Terence

Illustrated notes

Levels and vault maps discovered:
D:1:      lemuel_arrival_rhombus, layout_loops_ring,
          shapermc_ecumenical_altar_notcrosses
D:2:      layout_basic, serial_rivers, chequers_serial_rivers_small_3,
          chequers_serial_rivers_small_3, chequers_serial_rivers_room_a,
          chequers_serial_rivers_small_b, chequers_serial_rivers_small_a,
          grunt_ministairs_2, uniq_terence

Skill      XL: |  1  2  3 |
---------------+----------+-----
Unarmed Combat | 3 4 |  4.6
Fighting       | |  3.2
Armour         | |  1.7
Dodging        | |  0.8
Invocations    | |  2.0

Action                   |  1- 3 |  4- 6 || total
-------------------------+-------+-------++-------
Melee: Unarmed           |    89 |    32 ||   121
Invok: Depart the Abyss  |     1 |       ||     1
Armor: Leather armour    |    17 |       ||    17
       Chain mail        |     6 |    10 ||    16
Dodge: Dodged            |    49 |     8 ||    57

Table legend: (Time is in decaauts)
 A = Elapsed time spent in this place.
 B = Non-inter-level travel time spent in this place.
 C = Inter-level travel time spent in this place.
 D = Time resting spent in this place.
 E = Time spent auto-exploring this place.
 F = Levels seen in this place.
 G = Mean time per level.
                   A        B        C        D        E       F      G
               +--------+--------+--------+--------+--------+-----+--------+
         Total |   1665 |   1633 |     32 |    310 |   1033 |   3 |  555.0 |
       Dungeon |   1665 |   1633 |     32 |    310 |   1033 |   2 |  832.5 |
         Abyss |      0 |      0 |      0 |      0 |      0 |   1 |    0.0 |
               +--------+--------+--------+--------+--------+-----+--------+

Top non-repeatable levels by time:
     D:1: 900 daAuts
     D:2: 765 daAuts
